 Dungeon Crawl Stone Soup version 0.26-b1-32-g5d43845318 (webtiles) character file.

Game seed: 9218054491479009638

99 night the Insei (level 4, -7/35 HPs)
             Began as a Demonspawn Gladiator on Jan 11, 2021.
             Killed from afar by an orc wizard (9 damage)
             ... with a magic dart
             ... on level 2 of the Dungeon.
             The game lasted 00:05:45 (2898 turns).

night the Insei (Demonspawn Gladiator)              Turns: 2898, Time: 00:05:46

Health: -7/35      AC:  5    Str: 15    XL:     4   Next: 45%
Magic:  4/4        EV: 12    Int:  9    God:
Gold:   93         SH:  0    Dex: 15    Spells: 3/3 levels left

rFire    . . .     SeeInvis .     - Unarmed
rCold    . . .     Faith    .   (no shield)
rNeg     . . .     Spirit   .   a - +0 leather armour
rPois    .         Reflect  .   b - +0 helmet
rElec    .         Harm     .   k - +2 cloak
rCorr    .         Rampage  .   (no gloves)
Will     .....                  l - +1 pair of boots
Stlth    +.........             (no amulet)
HPRegen  0.11/turn              i - -4 ring of protection (curse)
MPRegen  0.09/turn              (no ring)

@: no status effects
A: claws 2, miasma immunity
a: no special abilities


You were on level 2 of the Dungeon.
You visited 1 branch of the dungeon, and saw 3 of its levels.

You collected 93 gold pieces.

Inventory:

Missiles
 c - 3 throwing nets (quivered)
Armour
 a - a +0 leather armour (worn)
 b - a +0 helmet (worn)
 k - a +2 cloak (worn)
 l - a +1 pair of boots (worn)
Jewellery
 i - a cursed -4 ring of protection (left claw)
Wands
 d - a wand of flame (14)
 e - a wand of random effects (17)
Scrolls
 f - 2 scrolls of enchant weapon
 h - a scroll of amnesia


   Skills:
 + Level 3.1 Fighting
 - Level 1.7 Throwing
 - Level 2.6 Dodging
 * Level 4.2 Unarmed Combat


You had 3 spell levels left.
You didn't know any spells.
Your spell library was empty.

Dungeon Overview and Level Annotations

Branches:
Dungeon (3/15)

Altars:
Okawaru


Innate Abilities, Weirdness & Mutations

You have very sharp fingernails.
You are immune to miasma.


Message History

You kill the orc!
The orc wizard misses you.
Evoke which item? (* to show all) (? for menu, Esc to quit)
Aiming: Throw Flame
Press: ? - help, Shift-Dir - straight line, f/p - orc wizard
Aim: an orc wizard, wielding a +0 dagger and wearing a +0 robe (severely wounded, fast, 40% to evade)
The puff of flame hits the orc wizard.
The orc wizard is almost dead.
The orc wizard looks satisfied for a moment.
The orc wizard hits you with a +0 dagger.
* * * LOW HITPOINT WARNING * * *
Evoke which item? (* to show all) (? for menu, Esc to quit)
Aiming: Throw Flame
Press: ? - help, Shift-Dir - straight line, f/p - orc wizard
Aim: an orc wizard, wielding a +0 dagger and wearing a +0 robe (almost dead, fast, 40% to evade)
The puff of flame misses the orc wizard.
The orc wizard hits you but does no damage.
The orc wizard gestures at you while chanting.
The magic dart hits you!
You die...

####### ########.....#####
#.@..............##
##o###..####.####...
#.o...).##.....##...
####.......#.......#.#.
#####.##..##...#.......#.#.
#......#..#........_.......
#.###..........#.......#...
#.##...†>......#.......#...
#.###...)).....##.....##.#.


You could see an orc wizard (fast) and an orc.

Vanquished Creatures
  Crazy Yiuf (D:2)
  An ooze (D:2)
  7 dart slugs
  4 orcs (D:2)
  10 bats
  5 giant cockroaches
  4 goblins (D:2)
  6 hobgoblins
  A frilled lizard (D:1)
  2 kobolds (D:1)
  5 rats
46 creatures vanquished.

Notes
Turn   | Place    | Note
-------+----------+-------------------------------------------
     0 | D:1      | night the Demonspawn Gladiator began the quest for the Orb.
     0 | D:1      | Reached XP level 1. HP: 16/16 MP: 1/1
   238 | D:1      | Reached skill level 3 in Unarmed Combat
   241 | D:1      | Gained mutation: You have sharp fingernails. [demonic
                  | ancestry]
   241 | D:1      | Reached XP level 2. HP: 13/22 MP: 2/2
  1165 | D:1      | Gained mutation: You have very sharp fingernails. [demonic
                  | ancestry]
  1165 | D:1      | Reached XP level 3. HP: 28/28 MP: 3/3
  1679 | D:2      | Found an iron altar of Okawaru.
  2394 | D:2      | Found a runed translucent door.
  2395 | D:2      | Noticed Crazy Yiuf
  2404 | D:2      | Paralysed by Crazy Yiuf for 5 turns
  2414 | D:2      | Killed Crazy Yiuf
  2415 | D:2      | Reached skill level 4 in Unarmed Combat
  2415 | D:2      | Gained mutation: You are immune to miasma. [demonic
                  | ancestry]
  2415 | D:2      | Reached XP level 4. HP: 29/35 MP: 4/4
  2894 | D:2      | HP: 1/35 [orc wizard/+0 dagger (2)]
  2898 | D:2      | Killed from afar by an orc wizard

Illustrated notes

Levels and vault maps discovered:
D:1:      roderic_lyre, layout_basic
D:2:      layout_basic, old_standard_altar, uniq_crazy_yiuf_cottage
D:3:      layout_basic, gammafunk_temple_overflow_forgotten, chequers_avenue,
          hangedman_decor_riveting, minmay_misc_feat_five,
          grunt_ashenzari_visionary [grunt_ashenzari_visionary_swamp,
          grunt_ashenzari_visionary_snake]

Skill      XL: |  1  2  3 |
---------------+----------+-----
Unarmed Combat | 3 4 |  4.2
Fighting       | 3 |  3.1
Throwing       | |  1.7
Dodging        | |  2.6

Action                   |  1- 3 |  4- 6 || total
-------------------------+-------+-------++-------
Melee: Unarmed           |   145 |    32 ||   177
       Punch             |     2 |       ||     2
Evoke: Wand              |       |     5 ||     5
  Use: Scroll            |     6 |       ||     6
       Potion            |     1 |     2 ||     3
 Stab: Sleeping          |     1 |     1 ||     2
Armor: Leather armour    |    46 |    12 ||    58
       Skin              |     9 |       ||     9
Dodge: Dodged            |   115 |    24 ||   139
